Cogmind - Beta 15 @@@ ROGUE MODE // 2025.07.21 @ 02:31:44 Player: Carpathian Result: Destroyed by S-10 Pest with Light Assault Rifle Performance ------------- Evolutions (0) 0 Regions Visited (1) 200 Robots Destroyed (3) 15 Value Destroyed (125) 125 Prototype IDs (0) 0 Alien Tech Used (0) 0 Bonus (0) 0 TOTAL SCORE: 340 Bonus ------- None Cogmind --------- Core Integrity 0/250 Matter 214/300 Energy 250/250 System Corruption 0% Temperature Warm (140) Movement Walking (120) Location -10/Materials Parts ------- > --- POWER (1) -------- Ion Engine > --- PROPULSION (2) --- Aluminum Leg Aluminum Leg > --- UTILITY (2) ------ Small Storage Unit > --- WEAPON (2) ------- Beam Cannon Grenade Launcher > --- INVENTORY (8) ---- (None) Peak State ------------ > --- POWER ------------ Light Ion Engine > --- PROPULSION ------- Light Treads Light Treads > --- UTILITY ---------- Small Storage Unit > --- WEAPON ----------- Medium Laser Light Assault Rifle > --- INVENTORY -------- (None) [Rating: 6] Favorites ----------- Power Light Ion Engine Engine Light Ion Engine Propulsion Light Treads Treads Light Treads Leg Aluminum Leg Utility Small Storage Unit Storage Small Storage Unit Weapon Light Assault Rifle Energy Gun Medium Laser Energy Cannon Beam Cannon Ballistic Gun Light Assault Rifle Launcher Grenade Launcher Build | -11 -10 ------- Run | Yrd Mat Slots Evolved . | . . Power . | . . Propulsion . | . . Utility . | . . Weapon . | . . Parts Attached 12 | 6 6 Power 2 | 1 1 Engine 2 | 1 1 Core . | . . Reactor . | . . Propulsion 4 | 2 2 Treads 2 | 2 . Leg 2 | . 2 Wheel . | . . Hover . | . . Flight . | . . Utility 1 | 1 . Device . | . . Storage 1 | 1 . Processor . | . . Hackware . | . . Protection . | . . Artifact . | . . Weapon 5 | 2 3 Energy Gun 2 | 1 1 Energy Cannon 1 | . 1 Ballistic Gun 1 | 1 . Ballistic Cannon . | . . Launcher 1 | . 1 Special Weapon . | . . Impact Weapon . | . . Slashing Weapon . | . . Piercing Weapon . | . . Special Melee Weapon . | . . Unidentified Prototypes . | . . Parts Lost 6 | . 6 Power 1 | . 1 Propulsion 2 | . 2 Utility . | . . Weapon 3 | . 3 Highest Loss Streak 6 | . 6 To Critical Strikes . | . . Average Backups 3 | 1 3 Power . | . . Propulsion 1 | 1 1 Utility . | . . Weapon 1 | . 1 Tool/Special . | . . Unused Backups . | . . Power . | . . Propulsion . | . . Utility . | . . Weapon . | . . Tool/Special . | . . Average Slot Usage (%) 76 | . 76 Engine 11 | . 11 Treads 19 | . 19 Leg 6 | . 6 Storage 14 | . 14 Energy Gun 10 | . 10 Energy Cannon 1 | . 1 Ballistic Gun 8 | . 8 Launcher 2 | . 2 Peak Build Rating 6 | 6 6 Average Rating 5 | 4 5 On Entrance 3 | . 6 Naked Turns . | . . Heaviest Build 16 | 11 16 Greatest Support 40 | 40 40 Greatest Overweight (x) 1 | . 1 Average Overweight (x) . | . . Largest Inventory Capacity 8 | 8 8 Average Capacity 7 | 7 8 Most Carried 5 | 4 5 Average Carried 3 | 2 3 Final Capacity 8 | 8 8 Final Carried 4 | 4 . Class Distribution -------------------- 100% | Mutant Dominant Class ---------------- Mutant | -10/Materials Resources | -11 -10 ----------- Run | Yrd Mat Matter Collected 249 | 233 16 Remotely . | . . Salvage Created 89 | . 89 Parts 3 | . 3 Haulers Intercepted . | . . Recyclers Shooed . | . . Parts Field Recycled . | . . Retrieved Matter . | . . Parts Self-Destructed . | . . Prevented . | . . Kills | -11 -10 ------- Run | Yrd Mat Combat Hostiles Destroyed 3 | . 3 AOE 2 | . 2 Classes Destroyed 1 | . 1 Grunt 3 | . 3 Best Kill Streak 2 | . 2 Combat Bots Only 2 | . 2 Max Kills in Single Turn 1 | . 1 Gunslinging . | . . Exploded 1 | . 1 Melee . | . . Uniques/NPCs Destroyed . | . . Combat | -11 -10 -------- Run | Yrd Mat Hostile Shots Fired 96 | . 96 Missed 14 | . 14 Hits 82 | . 82 Projectile 82 | . 82 AOE 1 | . 1 Critical Strikes 1 | . 1 Damage Taken 988 | . 988 Core 256 | . 256 Absorbed by Shields . | . . Core Remaining (%) 100 | 100 . Volleys Fired 30 | . 30 Largest 2 | . 2 Hottest 70 | . 70 Shots Fired 35 | . 35 Gun 24 | . 24 Cannon 7 | . 7 Launcher 4 | . 4 Special . | . . Kinetic 5 | . 5 Thermal 26 | . 26 Explosive 4 | . 4 Electromagnetic . | . . Robot Hit Streak 15 | . 15 Robot Miss Streak 3 | . 3 Penetration Max . | . . Secondary Targets . | . . Shots Hit Robots 26 | . 26 Core Hits 7 | . 7 Critical Kills . | . . Critical Parts Destroyed . | . . Critical Strikes . | . . Melee Attacks . | . . Impact . | . . Slashing . | . . Piercing . | . . Sneak Attacks . | . . Combat Hostiles . | . . Follow-up Attacks . | . . Damage Inflicted 483 | . 483 Guns 220 | . 220 Cannons 35 | . 35 Explosions 228 | . 228 Melee . | . . Ramming . | . . Kinetic 37 | . 37 Thermal 218 | . 218 Explosive 228 | . 228 Electromagnetic . | . . Impact . | . . Slashing . | . . Piercing . | . . Highest Corruption . | . . Average Corruption . | . . Corruption Purged . | . . Corruption Blocked . | . . Overload Shots . | . . Overflow Damage . | . . Projectiles . | . . Explosions . | . . Melee . | . . Knockbacks . | . . Impact . | . . Kinetic . | . . Secondary . | . . Self-Inflicted Damage . | . . Shots . | . . Rammed . | . . Targets Rammed . | . . Kicked . | . . Crushed . | . . Highest Temperature 287 | . 287 Average Temperature 165 | . 165 Received Heat Transfer 429 | . 429 Effects 1 | . 1 Energy Bleed 1 | . 1 Siege Activations . | . . Martial Activations . | . . Shielding Activations . | . . Robots Disrupted . | . . Combat Hostiles . | . . Robots Corrupted . | . . Combat Hostiles . | . . Parts Fried . | . . Impact Corruptions . | . . Robots Melted 1 | . 1 Combat Hostiles 1 | . 1 Parts Melted 1 | . 1 Heat Transferred 522 | . 522 Parts Sabotaged . | . . Parts Stolen . | . . Parts Stripped . | . . Power Chain Reactions . | . . Alert | -11 -10 ------- Run | Yrd Mat Maximum Alert Level . | . . Low Security (%) 100 | 100 100 Level 1 . | . . Level 2 . | . . Level 3 . | . . Level 4 . | . . Level 5 . | . . High Security . | . . Max Security . | . . Peak Influence 70 | . 70 Initial . | . . Average 7 | . 11 Influence Increases 116 | . 116 Destroy 0b10 Robot/C 60 | . 60 Destroy Leader 20 | . 20 Disable Machine 15 | . 15 Destroy Structure 21 | . 21 Influence Decreases 50 | . 50 Time Decay 30 | . 30 Lost Part 20 | . 20 Squads Dispatched 1 | . 1 Investigation . | . . Extermination . | . . Reinforcement 1 | . 1 Assault . | . . Garrison . | . . Intercept . | . . Searches Triggered . | . . Construction Impeded . | . . Haulers Reinforced . | . . Active Scanning Responses . | . . Cargo Convoy Interrupts . | . . Stealth | -11 -10 --------- Run | Yrd Mat Distress Signals . | . . Communications Jammed . | . . Distress Signals . | . . Times Spotted 12 | . 12 Peak Tracking Total 5 | . 5 Tactical Retreats . | . . Traps | -11 -10 ------- Run | Yrd Mat Traps Triggered . | . . Indirectly . | . . Trap Hack Attempts . | . . Triggered . | . . Disarmed . | . . Reprogrammed . | . . Reused . | . . Traps Extracted . | . . Installed . | . . Triggered . | . . Machines | -11 -10 ---------- Run | Yrd Mat Machines Disabled 1 | . 1 Max in Single Turn 1 | . 1 Machines Repaired . | . . Machines Dismantled . | . . Machines Sabotaged . | . . Overloaded Fab Kills . | . . Hacking | -11 -10 --------- Run | Yrd Mat Machines Accessed 1 | . 1 Terminals . | . . Fabricators . | . . Repair Stations . | . . Recycling Units 1 | . 1 Scanalyzers . | . . Garrison Access . | . . Total Hacks 1 | . 1 Successful 1 | . 1 Failed . | . . Catastrophic . | . . Database Lockouts . | . . Manual . | . . Terminals . | . . Fabricators . | . . Repair Stations . | . . Recycling Units 1 | . 1 Scanalyzers . | . . Garrison Access . | . . Terminal Hacks . | . . Fabricator Hacks . | . . Repair Station Hacks . | . . Recycling Unit Hacks 1 | . 1 Report Inventory 1 | . 1 Scanalyzer . | . . Garrison Access Hacks . | . . Unauthorized Hacks . | . . Terminals . | . . Fabricators . | . . Repair Stations . | . . Recycling Units . | . . Scanalyzers . | . . Garrison Access . | . . Data Cores Recovered . | . . Used . | . . Hacking Detections . | . . Full Trace Events . | . . Feedback Events . | . . Feedback Blocked . | . . Robot Schematics Acquired . | . . Robots Built . | . . Authchips . | . . Time . | . . Total Robot Build Rating . | . . Part Schematics Acquired . | . . Parts Built . | . . Authchips . | . . Time . | . . Total Part Build Rating . | . . Parts Repaired . | . . Time . | . . Parts Recycled . | . . Recycled Matter . | . . Retrieved Matter . | . . Retrieved Components . | . . Parts Scanalyzed . | . . Part Schematics Acquired . | . . Parts Damaged . | . . Bothacking | -11 -10 ------------ Run | Yrd Mat Used RIF Installer . | . . Robots Hacked . | . . Non-combat . | . . Combat . | . . Robot Hacks Applied . | . . Relay Couplers Released . | . . Fabnet Peak Effective % . | . . Robots Rewired . | . . Allies Hacked . | . . Hacks Repelled . | . . Allies | -11 -10 -------- Run | Yrd Mat Total Allies . | . . Largest Group . | . . Highest-Rated Group . | . . Highest-Rated Ally . | . . Total Orders . | . . Ally Attacks . | . . Total Damage . | . . Kills . | . . Allies Corrupted . | . . Allies Melted . | . . Intel | -11 -10 ------- Run | Yrd Mat Active Infowar (turns) . | . . Robot Analysis Total . | . . Derelict Logs Recovered . | . . Drone Launches . | . . Drone Recoveries . | . . Exploration | -11 -10 ------------- Run | Yrd Mat Turns Passed 381 | 129 252 Spaces Moved 184 | 75 109 Core 7 | 5 2 Treads 154 | 70 84 Legs 23 | . 23 Wheels . | . . Hover . | . . Flight . | . . Fastest Speed 50 | 50 100 Average Speed 151 | 152 150 Slowest Speed 160 | 160 160 Overloaded Moves . | . . Propulsion Burnouts . | . . Robots Hopped . | . . Potential Cave-ins . | . . Cave-ins Triggered . | . . Exploration Rate (%) 15 | 5 26 Regions Visited 1 Branch Regions . Pre-discovered Areas . | . . Known Exits Taken . | . . Unknown Exits Taken 1 | 1 . Scrap Searched . | . . Spaces Dug . | . . Terrain Destroyed 21 | . 21 Melee . | . . Projectile . | . . AOE 21 | . 21 Terrain Rammed . | . . Walls Destroyed . | . . Machines Disabled . | . . Actions | -11 -10 --------- Run | Yrd Mat Total 253 | 90 163 Wait 16 | . 16 Move 183 | 74 109 Hop . | . . Pick Up 12 | 10 2 Fast Attach . | . . Attach 12 | 6 6 Detach . | . . Swap . | . . Drop . | . . Fire 30 | . 30 Melee . | . . Ram . | . . Kick . | . . Crush . | . . Escape Stasis . | . . Rewire . | . . Trap . | . . Miscellaneous . | . . Route ------- -11/Scrapyard -10/Materials History --------- Turn | Location | Event 38 | -11/Scrapyard | Discovered new exit (range 16) 130 | -11/Scrapyard | Entered Materials 311 | -10/Materials | Build established: Mutant 316 | -10/Materials | Core integrity fell below 50% 322 | -10/Materials | Core integrity fell below 20% 352 | -10/Materials | Lost 6 parts (1p2n3w) 382 | -10/Materials | Destroyed by S-10 Pest with Light Assault Rifle Last Messages --------------- 00338_ U-05 Engineer lays Concrete. 00338_ G-34 Mercenary destroyed. 00342_ U-05 Engineer lays Concrete. 00343_ U-05 Engineer builds a Wall. 00344_ R-06 Scavenger collects Med. Matter Pod. 00344_ R-06 Scavenger collects Lgt. Ion Engine. 00344_ G-34 Mercenary destroyed. 00344_ Destroyed Lgt. Ion Engine. 00347_ U-05 Engineer builds a Wall. 00348_ R-06 Scavenger collects Wheel. 00352_ U-05 Engineer lays Concrete. 00353_ U-05 Engineer builds a Wall. 00357_ U-05 Engineer lays Concrete. 00362_ Acquired 16 matter. 00363_ U-05 Engineer lays Concrete. 00366_ U-05 Engineer builds a Wall. 00370_ The unstable cave ceiling collapses. 00370_ U-05 Engineer builds a Wall. 00376_ Atomic Centrifuge disabled. 00379_ U-05 Engineer builds a Wall. Map ----- +----------------------------------------------------+ | ????????????????????????????????????????? | | ????????????????????????????????????????? | | ????????????????????????????????????????? | | ????????????????????????????????????????? | | ????????????????????????????????????????? | | ????????????????????????????????????????? | | ????????????????????????????????????????? | | ????????????????????????????????????????? | | ???????????????????+????????????????????? | | ??????????????????? ??? ?????????????? | | ??????????????????? ??# ???????????? | | ??????????????????? #?# #??????????? | | ??????????????????# ###t ???????????? | | ?????????????????? ? ????????????? | | ?????????????????? ? ????????????? | | ?????????????????? ? ?????????????? | | ??????????????????# #?# ####+####?????? | | ??????????????????# #?# # ??????? | | ??????????????????# #?# + ???????? | | ?????????????######;### # #???? | | ?????????????# # """ #???? | | ?????????????# """ ????? | | ??????######## "" "T"?????? | | ??????# ## """ #???? | | ?????### + s #???? | | ?????# # @ #######??????? | | ???#?# # ss #???????????? | | +### # # # ###???????????? | | #u #????????????? | | # ########## ##????????????? | | % % #????????# #?????????????? | | +## ##+## ##????????# ?????????????? | | ??# # ##????????? o ? #??????? | | ??# ########## +??????? | | ??+ < #??????? | | ??# ####### < #??????? | | ??###### #?????? #??????? | | ???????### ###??????? ! #??????? | | ?????????# #????????? #??????? | | ?????????# #?????????? ???????? | | ?????????# #??????????## ???????? | | ?????????# ######??????? ???????? | | ??###????# # #???????? ^ ????????? | | ??# #????# # ""#????????? ????????? | | ??# ????# # Y"#?????????? ?????????? | | ### ###### # ""#?????????? ?????????? | | + #??????????? ???????????? | | # #???????????????????????? | | # #???????????????????????? | | ##+###### # #???????????????????????? | +----------------------------------------------------+ Best States ------------- Heat Dissipation 25 Energy Generation 10 Energy Capacity 250 Matter Stores 283 Matter Capacity 300 Sight Range 16 Terrain Scan Density 10 Evasion (%) 55 Recoil Reduction 2 Item Schematics ----------------- None Robot Schematics ------------------ None Fabricated ------------ Nothing Repaired ---------- Nothing Alien Tech Used ----------------- None Achievements -------------- None Challenges ------------ None Game ------ Seed DisposableStealthTorch Manual? 0 Play Time 00:04:14 Cumulative 37.5 hours Start 2025.07.21 @ 02:29:17 End 2025.07.21 @ 02:31:44 Sessions 1 Manual Loads 0 Difficulty Rogue Special Mode None Game No. 197 Rogue 197 Adventurer 0 Explorer 0 Win Type - Total 0 Types 0/0/0/0/0/0/0/0/0/0 Lore% 11 Gallery% 25 Achievement% 20 Wizard Run 0 Options --------- Layout 0 ASCII 0 Keyboard 0 Movement Mouse Keybinds 0 Fullscreen 2 Font 24/Cog Map View 76x50 Zoom Use 0% Tactical HUD 1 Map Filters NONE Filters NONE Steam 1 RUN: d1bcdc4e-d648-4084-9b40-95c8382890d4